 Dungeon Crawl Stone Soup version 0.31-a0-978-g1e143483b6 (webtiles) character file.

Game seed: 1140422588559817424

14 Arcadio the Ruffian (level 2, 0/26 HPs)
             Began as a Ghoul Monk on Oct 30, 2023.
             Slain by a gnoll
             ... wielding a +0 spear
              (9 damage)
             ... on level 1 of the Dungeon.
             The game lasted 00:00:34 (224 turns).

Arcadio the Ruffian (Ghoul Monk)                     Turns: 224, Time: 00:00:34

Health: 0/26       AC:  2    Str: 14    XL:     2   Next: 41%
Magic:  1/1        EV: 12    Int:  5    God:
Gold:   4          SH:  0    Dex: 11    Spells: 1/1 levels left

rFire   . .          .
                       - Unarmed
rCold   + . .        c - orb {light}
rNeg    + + +        a - +0 robe
rPois   ∞            (no helmet)
rElec   .            (no cloak)
rCorr   .            (no gloves)
SInv    .            (no boots)
Will    .....        (no amulet)
Stlth   +            (no ring)
HPRegen 0.00/turn    (no ring)
MPRegen 0.07/turn

%: no passive effects
@: inhibited regen, glowing
A: claws 1, cold resistance 1, negative energy resistance 3, inhibited
regeneration, torment resistance 2, devour on kill
a: no special abilities


You were on level 1 of the Dungeon.
You visited 1 branch of the dungeon, and saw 1 of its levels.

You collected 4 gold pieces.

Inventory:

Armour
 a - a +0 robe (worn)
 c - an orb of light (worn)
Scrolls
 d - 2 scrolls of fear {unknown}
Potions
 b - a potion of ambrosia


   Skills:
 + Level 3.5 Fighting
 + Level 2.9 Dodging
 + Level 3.6 Unarmed Combat


You had one spell level left.
You didn't know any spells.
Your spell library was empty.

Dungeon Overview and Level Annotations

Branches:
Dungeon (1/15) Zot: 5776

Altars:


Innate Abilities, Weirdness & Mutations

You are immune to poison.
You have sharp fingernails.
Your flesh is cold resistant. (rC+)
You are immune to negative energy. (rN+++)
You do not regenerate when monsters are visible.
You are immune to unholy pain and torment.
You thrive by killing the living.


Message History

You kill the bat!
You see here a bat corpse.
A bat comes into view.
A quokka comes into view.
The bat barely misses you. The bat hits you but does no damage.
You scratch the bat.
You kill the bat!
You scratch the quokka.
The quokka is moderately wounded.
The quokka bites you.
You scratch the quokka.
The quokka is severely wounded.
The quokka closely misses you.
You scratch the quokka but do no damage.
The quokka is severely wounded.
The quokka barely misses you.
You claw the quokka!
You kill the quokka!
You see here a quokka corpse.
A gnoll comes into view. It is wielding a +0 spear.
A kobold comes into view. It is wielding a +0 dagger.
The kobold shouts!
A frilled lizard comes into view.
The gnoll hits you with a +0 spear.
The kobold moves out of view.
The frilled lizard hisses angrily.
You scratch the gnoll.
The gnoll is heavily wounded.
The gnoll hits you with a +0 spear.
You barely miss the gnoll.
The gnoll is heavily wounded.
The gnoll hits you with a +0 spear.
You claw the gnoll!
The gnoll is almost dead.
A ball python comes into view.
The gnoll hits you with a +0 spear!
You scratch the gnoll but do no damage.
The gnoll is almost dead.
The gnoll hits you with a +0 spear!
You die...

~~~~~..<..~~~~~...
..~~~~...~~~~..... .
....~~~~~~~.....#. .S
...~..~~~..~...##. ...
..~....~....~..8#. ....
....#..~..#.....#. .....
..####...####.....
......#######.#######...
...l..g@...............>
.....###................
... #........##..##... .
................##.#.
..#.#######.###......
..... ........###...
...#########.##.# ###.
.....#...##.##.# #.
........#.##.#####.


You could see a gnoll, a ball python and a frilled lizard.

Vanquished Creatures
  2 ball pythons (D:1)
  2 giant cockroaches (D:1)
  A goblin (D:1)
  3 quokkas (D:1)
  2 bats (D:1)
  A frilled lizard (D:1)
  A rat (D:1)
12 creatures vanquished.

Notes
Turn   | Place    | Note
-------+----------+-------------------------------------------
     0 | D:1      | Arcadio the Ghoul Monk began the quest for the Orb.
     0 | D:1      | Reached XP level 1. HP: 19/19 MP: 0/0
    86 | D:1      | Reached XP level 2. HP: 18/26 MP: 1/1
   224 | D:1      | Slain by a gnoll

Illustrated notes

Levels and vault maps discovered:
D:1:      eino_arrival_water_star, layout_rooms

Action                     || total
---------------------------++-------
  Melee: Unarmed           ||    26
 Armour: Robe              ||    12
  Dodge: Dodged            ||    19

Table legend: (Time is in decaauts)
 A = Elapsed time spent in this place.
 B = Non-inter-level travel time spent in this place.
 C = Inter-level travel time spent in this place.
 D = Time resting spent in this place.
 E = Time spent auto-exploring this place.
 F = Levels seen in this place.
 G = Mean time per level.
                   A        B        C        D        E       F      G
               +--------+--------+--------+--------+--------+-----+--------+
         Total |    223 |    223 |      0 |      0 |    147 |   1 |  223.0 |
       Dungeon |    223 |    223 |      0 |      0 |    147 |   1 |  223.0 |
               +--------+--------+--------+--------+--------+-----+--------+

Top non-repeatable levels by time:
     D:1: 223 daAuts
